[Event "Fall IM-D Norm Invitational 2022"]
[Site "Charlotte"]
[Date "2022.11.21"]
[Round "7"]
[White "Malicka, Maria"]
[Black "Amburgy, Ryan"]
[Result "1-0"]
[ECO "B10"]
[WhiteElo "2275"]
[BlackElo "2175"]
[Annotator "TA"]
[PlyCount "101"]
[EventDate "2022.11.18"]
[EventType "tourn"]
[EventCountry "USA"]
[SourceTitle "playchess.com"]
[Source "ChessBase"]
[SourceQuality "1"]
[TimeControl "5400+30"]

1. e4 c6 2. Nf3 d5 3. d3 Qc7 4. exd5 cxd5 5. c4 Nf6 6. Nc3 {[%emt 0:00:02] B10: Caro-Kann: 2 d3 and 2 c4.} e6 7. Be2 {[%emt 0:00:06] [#]} a6 $146 ({Predecessor:} 7... Bb4 8. Qb3 Nc6 9. O-O dxc4 10. dxc4 O-O 11. Bg5 Bxc3 12. Qxc3 Ne4 13. Qe3 Nxg5 14. Nxg5 {1-0 (43) Pridorozhni,A (2564)-Rozum,I (2529) Khanty-Mansiysk 2021}) 8. O-O {[%emt 0:00:44] The position is equal.} Be7 9. Bg5 dxc4 10. dxc4 O-O 11. Qc2 Nc6 12. Rfd1 b6 13. Bh4 Rd8 14. Rxd8+ Bxd8 15. Rd1 (15. Bg3 $5 Qe7 16. Ne4 $14) 15... Bb7 16. Bg3 Qc8 17. a3 h6 18. b4 Nh5 ({Black should try} 18... Ne7 $11) 19. Bd6 Bc7 20. Qd2 $36 {[%emt 0:04:11][%mdl 2048] White is pushing.} Nf6 {[%emt 0:01:39] Prevents Ne4.} 21. Qf4 Bb8 22. Na4 {[%emt 0:04:16] White is much more active.} Nd7 {[%emt 0:00:52] Black cannot hold the game after this.} (22... Ba7 $16) 23. Bxb8 $18 Qxb8 24. Qd6 Qxd6 25. Rxd6 Rd8 26. Nd4 Nde5 {[%emt 0:03:27] [#]} 27. Rxd8+ Nxd8 28. Nxb6 Kf8 29. Nb3 Ke7 30. f4 Nd7 (30... Nec6 {keeps fighting.} 31. Kf2 Kd6 32. c5+ Kc7) 31. Nxd7 Kxd7 {[%emt 0:00:01][%mdl 4096] Endgame KBN-KBN} 32. Nc5+ Kc7 33. Kf2 f6 $2 (33... Bc8 {was necessary.} 34. Bh5 f6) 34. Nxb7 Nxb7 {[%emt 0:00:14] KB-KN} 35. Ke3 a5 36. Kd4 axb4 (36... Nd6 $142 37. bxa5 Nb7) 37. axb4 g5 38. g3 {[%emt 0:00:22][%cal Bg2g3,Bg3f4][%mdl 32] [#] c5 is the strong threat.} Nd6 39. Bg4 gxf4 40. gxf4 Kd7 41. b5 Ke7 42. Kc5 Kd7 43. Bf3 Nf5 44. b6 Kc8 45. Bg4 {[%emt 0:00:26] White mates.} Ng7 46. Kd6 Kb7 47. c5 e5 48. Bf3+ Kb8 49. c6 Nf5+ 50. Kd7 Ka8 51. c7+ {[%emt 0:00:06] Weighted Error Value: White=0.17 (very precise) /Black=0.53} 1-0

[Event "Fall IM-D Norm Invitational 2022"]
[Site "Charlotte"]
[Date "2022.11.21"]
[Round "7"]
[White "Estrada Nieto, Julian"]
[Black "De La Colina, Nicolas"]
[Result "1/2-1/2"]
[ECO "B08"]
[WhiteElo "2241"]
[BlackElo "2123"]
[Annotator "TA"]
[PlyCount "36"]
[EventDate "2022.11.18"]
[EventType "tourn"]
[EventCountry "USA"]
[SourceTitle "playchess.com"]
[Source "ChessBase"]
[SourceQuality "1"]
[TimeControl "5400+30"]

1. e4 g6 2. d4 Bg7 3. Nf3 d6 4. Nc3 Nf6 5. Be2 O-O 6. O-O a6 7. a4 Nc6 8. d5 $1 {[%emt 0:07:32][%mdl 4] outshines the older 8.h3. B08: Pirc Defence: Classical System.} Nb4 9. a5 e6 $1 10. Ra4 {[%emt 0:13:37] The position is equal.} c5 {[%emt 0:00:19] [#]} 11. Ne1 $146 (11. dxc6 $11 Nxc6 12. Bg5) ({Predecessor:} 11. dxc6 Nxc6 12. Bf4 Ne8 13. Qd2 Nxa5 14. Rd1 Nc6 15. Bh6 e5 16. Bg5 Bf6 17. Be3 {1-0 (47) Naroditsky,D (2621)-Onischuk,V (2622) Chess.com INT 2020}) 11... Re8 $15 12. Be3 (12. Bf3 $15) 12... b5 ({Black should play} 12... exd5 $17 {aiming for ...d4.} 13. exd5 Nd7) 13. axb6 $1 Qxb6 14. Qd2 Bb7 ({Better is} 14... exd5 $15 15. exd5 Bb7) 15. Bc4 (15. Nd3 $11 {keeps the balance.} Nxd3 16. Qxd3) 15... exd5 $17 16. exd5 Ne4 (16... Qc7 $17 17. b3 Nd7) 17. Nxe4 $14 Re5 $2 {[%mdl 8192] [#]} ({Black should try} 17... Rxe4 $14 18. b3 Re5) 18. Nc3 $18 Ree8 {[%mdl 32768] Weighted Error Value: White=0.32/Black=0.68. An unexpected result.} 1/2-1/2

[Event "Fall IM-D Norm Invitational 2022"]
[Site "Charlotte"]
[Date "2022.11.21"]
[Round "7"]
[White "Liu, Eric"]
[Black "Willy, Stephen"]
[Result "1-0"]
[ECO "C53"]
[WhiteElo "2182"]
[BlackElo "2159"]
[Annotator "TA"]
[PlyCount "55"]
[EventDate "2022.11.18"]
[EventType "tourn"]
[EventCountry "USA"]
[SourceTitle "playchess.com"]
[Source "ChessBase"]
[SourceQuality "1"]
[TimeControl "5400+30"]

1. e4 e5 2. Nf3 Nc6 3. Bc4 Bc5 4. c3 Nf6 5. d3 d6 6. Nbd2 a6 7. Bb3 h6 {[%emt 0:00:14] C54: Giuoco Piano: 4 c3 Nf6, main lines with 5 d4 and 5 d3.} 8. O-O Ba7 9. Re1 Bd7 {[%emt 0:00:07] The position is equal.} 10. Nf1 g5 11. Be3 g4 12. N3d2 h5 {[%emt 0:00:08] [#]} 13. Bxa7 $146 ({Predecessor:} 13. Bg5 h4 14. Ne3 Rh5 15. f4 gxf3 16. Bxf6 f2+ 17. Kxf2 Qxf6+ 18. Qf3 Qg6 19. Kg1 {0-1 (36) Liu,E (2190)-Khanin,S (2550) Rancho Mirage 2022}) 13... Nxa7 14. Nc4 h4 15. Nce3 c6 (15... Rg8 $14) 16. d4 Qc7 17. dxe5 dxe5 18. Nc4 {[%emt 0:00:42][%cal Of2f4] White is more active.} Ke7 {[%emt 0:05:06] Inhibits f4.} 19. Qe2 Nc8 20. Qe3 c5 21. Qd2 ({Don't play} 21. Qg5 Rh5 22. Qd2 (22. Qg7 Ne8 $11) 22... Be6) 21... Be6 22. Nce3 {[%emt 0:04:17] And now Bxe6 would win.} (22. Nfe3 $5 b5 23. Nf5+ Bxf5 24. Nxe5 $16) 22... c4 23. Bc2 Rd8 $2 {[%emt 0:06:36] [#] Prevents Nd5+.} ({Black should play} 23... Nb6 $14) 24. Qe2 (24. Nd5+ $1 $18 Nxd5 25. exd5) 24... Nd6 (24... Nb6 $16 {keeps fighting.}) 25. Nd5+ $1 $18 Bxd5 (25... Nxd5 $2 26. exd5 Bxd5 27. Qxe5+ Be6 28. Rad1 $18) 26. exd5 e4 27. Nd2 Kf8 {[%emt 0:00:20] [#]} (27... Qc5 {might work better.}) 28. Qe3 $1 {[%emt 0:01:55] Weighted Error Value: White=0.18 (very precise) /Black=0.35} ({Stronger than} 28. Bxe4 Qc5 29. Kh1 Re8 $11) ({Weaker is} 28. Nxe4 Ndxe4 29. Bxe4 Re8 $16) 1-0